 Dungeon Crawl Stone Soup version 0.17-a0-1760-ga6756ae (webtiles) character file.

86 kae the Slasher (level 4, 0/29 HPs)
             Began as a High Elf Skald on Sept 3, 2015.
             Succumbed to Robin's poison
             ... on level 2 of the Dungeon.
             The game lasted 00:03:07 (2196 turns).

kae the Slasher (High Elf Skald)                    Turns: 2196, Time: 00:03:07

Health: 0/29       AC:  7    Str: 17    XL:     4   Next: 26%
Magic:  6/8        EV: 11    Int: 15    God:
Gold:   128        SH:  0    Dex: 15    Spells: 1 memorised, 6 levels left

rFire  + . .     SeeInvis .     a - +0 falchion
rCold  + . .     Clarity  .     b - +0 leather armour
rNeg   . . .     SustAt   .     (no shield)
rPois  +         Gourm    .     (no helmet)
rElec  +         Spirit   .     f - +0 cloak
rCorr  +         Warding  .     (no gloves)
rMut   .         Stasis   .     (no boots)
MR     .....                    d - amulet of regeneration
Stlth  +.........               (no ring)
                                o - +3 ring of protection

@: mighty, lethally poisoned (0 -> -6), resistant, very slightly contaminated,
not resistant to hostile enchantments, very unstealthy
A: no striking features
a: no special abilities


You were on level 2 of the Dungeon.
You were not hungry.

You visited 1 branch of the dungeon, and saw 2 of its levels.

You collected 128 gold pieces.

Inventory:

Hand weapons
 a - a +0 falchion (weapon)
Armour
 b - a +0 leather armour (worn)
 f - a +0 cloak (worn)
Jewellery
 d - an amulet of regeneration (around neck)
 o - a +3 ring of protection (left hand)
Scrolls
 g - a scroll of identify
 h - 2 scrolls of remove curse {unknown}
 i - a scroll of magic mapping {unknown}
 k - a scroll of enchant armour {unknown}
 l - a scroll of recharging {unknown}
Potions
 j - a potion of flight {unknown}
 n - a potion of agility {unknown}
Books
 c - a book of Battle

   Spells                             Type                      Level
   a - Infusion                       Charms                       1
   b - Shroud of Golubria             Charms/Translocation         2
   c - Song of Slaying                Charms                       2
   d - Spectral Weapon                Hexes/Charms                 3
   e - Regeneration                   Charms/Necromancy            3
Comestibles
 p - a bread ration
 q - 4 chunks of flesh


   Skills:
 - Level 2.0 Fighting
 + Level 5.5 Long Blades
 - Level 0.8 Armour
 - Level 1.1 Dodging
 - Level 2.4 Spellcasting
 - Level 3.6 Charms


You had 6 spell levels left.
You knew the following spells:

 Your Spells              Type           Power        Failure   Level  Hunger
a - Infusion              Chrm           ##....       8%          1    #......


Dungeon Overview and Level Annotations

Branches:
Dungeon (2/15)

Altars:
Cheibriados
Dithmenos

Annotations:
D:2 Crazy Yiuf


Message History

The goblin barely misses you. x2
You barely miss Robin.
Robin is heavily wounded.
You feel sick. The goblin hits you but does no damage.
Robin hits you with a trident of venom.
The goblin hits you with a hammer of protection!
* * * LOW HITPOINT WARNING * * *
The goblin barely misses you.
You slash Robin!
You kill Robin!
* * * LOW HITPOINT WARNING * * *
You feel sick. The bat hits you but does no damage.
The goblin hits you but does no damage. The goblin hits you.
* * * LOW HITPOINT WARNING * * *
The goblin closely misses you.
Drink which item? (? for menu, Esc to quit)
It was a potion of resistance.
You feel protected.
You are no longer magically infusing your attacks.
You die...

###......#.#
.ggg.......# .#.
#####'..'### #.#
#....# #.# ♣g...♣ #.
#.# #. ♣♣)..♣ #.##.#
#.. ♣♣g♣♣ #.##.# #..
♣♣g♣ #.##b# #.. ♣.♣♣
#.##@### #.# ♣.
##..ggg.# #.# g♣
#.......###.#########.
#g
#.........#....<...(..
gg
#.......#.............
#.
###.........##########
#g ####.###### #.# #.#


You could see 3 goblins and a bat.

Vanquished Creatures
  Robin (D:2)
  3 adders (D:2)
  5 giant geckos
  4 bats
  A giant cockroach (D:2)
  5 hobgoblins
  2 ball pythons (D:2)
  A giant newt (D:1)
  11 goblins
  2 jackals (D:1)
  6 kobolds
  6 rats
47 creatures vanquished.

Notes
Turn   | Place    | Note
--------------------------------------------------------------
     0 | D:1      | kae the High Elf Skald began the quest for the Orb.
     0 | D:1      | Reached XP level 1. HP: 14/14 MP: 4/4
   259 | D:1      | Reached XP level 2. HP: 19/19 MP: 4/6
   934 | D:1      | Reached skill level 4 in Long Blades
   990 | D:2      | Found a shadowy altar of Dithmenos.
   992 | D:2      | Found a snail-covered altar of Cheibriados.
  1125 | D:2      | Reached XP level 3. HP: 6/24 MP: 3/7
  1925 | D:2      | Reached skill level 5 in Long Blades
  2010 | D:2      | Noticed Crazy Yiuf
  2064 | D:2      | Reached XP level 4. HP: 15/29 MP: 6/8
  2180 | D:2      | Noticed Robin
  2195 | D:2      | Killed Robin
  2195 | D:2      | HP: 1/29 [goblin[Robin] (1)]
  2196 | D:2      | Succumbed to Robin's poison

Vault maps used:
D:1:      minmay_arrival_plants_in_alcoves, wad_floor_pattern_2,
          minmay_splitting_lines, kennysheep_nondescript
D:2:      grunt_temple_overflow_open, roderic_lattice_a,
          uniq_crazy_yiuf_cottage, uniq_robin

Action                   |  1- 3 |  4- 6 || total
-------------------------+-------+-------++-------
Melee: Falchion          |   149 |    23 ||   172
 Cast: Infusion          |     6 |     1 ||     7
  Use: Potion            |       |     2 ||     2
       Scroll            |       |     1 ||     1
 Stab: Sleeping          |     1 |       ||     1
  Eat: Bread ration      |     1 |       ||     1
